Map: Prion Terraces

Players

LilDicky - Winner!

  • Race: Terran Terran
  • League: Diamond

Noobricorn

  • Race: Terran Terran
  • League: Diamond

VOD

http://www.twitch.tv/tumescentpie

Description

Time

  • Played on: Nov. 23, 2015, 10 p.m.
  • Length: 12:15
Show
View Real Time Build Order
Export as new Build Order

LilDicky Terran - Winner!

Build Orders: Bio Tank, MMM Bio 

Get SALT Encoding   

  12  0:01  SCV  
  13  0:13  SCV  
  14  0:18  Supply Depot  
  14  0:25  SCV  
  14  0:28  Refinery  
  15  0:40  SCV  
  16  0:45  Barracks  
  16  0:52  SCV  
  18  1:04  SCV  
  18  1:08  Barracks  
  18  1:16  SCV  
  19  1:30  SCV  
  19  1:32  Reaper  
  21  1:35  Supply Depot  
  21  1:42  Orbital Command  
  21  1:55  Barracks  
  21  1:58  Reaper  
  22  2:03  Refinery  
  23  2:08  SCV  
  23  2:15  Reaper  
  24  2:20  SCV  
  25  2:24  Supply Depot  
  25  2:31  Reaper  
  25  2:36  SCV  
  26  2:43  Reaper  
  27  2:46  Barracks  
  27  2:47  Reaper  
  27  2:49  SCV  
  29  3:15  Reaper  
  29  3:16  Reaper  
  29  3:19  SCV, Reaper  
  32  3:24  Command Center  
  32  3:28  Supply Depot  
  32  3:31  SCV  
  33  3:40  Reaper  
  34  3:47  Reaper  
  34  3:48  Reaper  
  31  4:05  Reaper  
  33  4:10  SCV  
  33  4:12  Reaper  
  33  4:15  Command Center  
  34  4:20  Reaper  
  34  4:21  Supply Depot  
  34  4:22  SCV  
  36  4:28  Reaper  
  37  4:34  SCV  
  37  4:37  Reaper  
  38  4:59  Reaper x2  
  38  5:00  Reaper  
  38  5:07  SCV  
  38  5:09  Reaper  
  40  5:19  SCV  
  41  5:21  Supply Depot  
  41  5:25  Refinery  
  41  5:26  Refinery x2  
  41  5:30  Refinery  
  41  5:31  Reaper x2  
  43  5:38  Reaper  
  43  5:39  Orbital Command  
  43  5:41  SCV  
  38  6:14  Orbital Command  
  38  6:15  Orbital Command  
  38  6:19  SCV  
  38  6:25  Barracks Tech Lab x2  
  38  6:26  Command Center, Barracks Tech Lab x2, Factory  
  38  6:28  Barracks Tech Lab  
  38  6:29  Barracks Reactor  
  38  6:35  SCV  
  39  6:45  Engineering Bay  
  39  6:46  SCV x2, Engineering Bay  
  41  6:47  SCV  
  41  6:51  Marine x3  
  41  6:52  Combat Shields, Stimpack  
  41  6:53  Concussive Shells  
  45  6:57  Barracks  
  45  6:58  SCV, Barracks  
  43  7:08  Marine  
  43  7:09  Marine  
  43  7:15  Marine x2  
  43  7:16  Factory Tech Lab  
  43  7:18  Factory Tech Lab  
  43  7:20  SCV x3  
  47  7:23  Starport  
  47  7:28  Marine x2  
  49  7:30  Terran Infantry Weapons Level 1, Terran Infantry Armor Level 1  
  49  7:35  Armory, Marine x3, SCV x2  
  54  7:39  Siege Tank  
  57  7:46  Marine  
  57  7:49  Missile Turret  
  57  7:51  Missile Turret x3  
  58  7:56  Barracks Reactor  
  58  7:57  Barracks Reactor  
  58  7:58  Marine x3  
  61  8:03  Planetary Fortress  
  61  8:05  SCV  
  62  8:08  Starport Reactor  
  62  8:11  Marine x2  
  64  8:14  SCV  
  64  8:15  SCV, Marine  
  64  8:17  SCV, Marine  
  64  8:18  Marine  
  70  8:25  Siege Tank  
  70  8:26  SCV  
  74  8:27  SCV  
  74  8:28  Marine  
  74  8:29  Marine  
  74  8:30  Terran Vehicle And Ship Armor Level 1  
  74  8:32  SCV  
  74  8:33  Marine  
  79  8:35  Marine  
  79  8:39  SCV x2  
  79  8:41  SCV  
  83  8:44  SCV  
  83  8:48  Marine x4  
  84  8:51  SCV x2, Medivac x2  
  84  8:53  SCV, Marine x2  
  97  8:55  Marine  
  97  8:57  Siege Tank  
  97  8:59  SCV  
  97  9:00  Marine x2  
  104  9:03  SCV x2  
  104  9:06  Supply Depot, Marine x2  
  104  9:09  Supply Depot  
  108  9:13  Supply Depot  
  108  9:15  Marine  
  108  9:16  Marine  
  98  9:30  Marine x2  
  98  9:33  Marine x2  
  84  9:46  Marine  
  84  9:54  Marine x2  
  84  9:57  Factory Tech Lab, Starport Reactor  
  86  10:06  Supply Depot, Marine x2  
  88  10:07  Supply Depot  
  88  10:12  Marauder, Marine x2  
  92  10:17  Siege Tank  
  92  10:18  SCV x2  
  97  10:21  Marine  
  97  10:23  Marine  
  97  10:25  Supply Depot  
  97  10:26  Marine x2  
  101  10:30  Marauder x2  
  105  10:38  Marine  
  105  10:39  Marine  
  107  10:45  Marine x2  
  107  10:47  Medivac x2  
  107  10:49  SCV x2  
  115  10:51  Marauder x2  
  115  10:56  SCV x2  
  115  10:57  Marauder  
  123  11:01  SCV x2  
  123  11:02  Marine x2  
  123  11:03  Marine x2  
  123  11:04  Refinery x2  
  129  11:06  Liberator  
  129  11:07  Liberator  
  129  11:12  SCV  
  129  11:13  Marauder x2  
  129  11:18  SCV x2, Marauder  
  136  11:20  Marine x2  
  136  11:21  Command Center  
  146  11:27  Missile Turret, Marine x2  
  146  11:28  Missile Turret  
  146  11:31  Missile Turret  
  148  11:33  Sensor Tower  
  148  11:34  Marauder x2  
  148  11:35  SCV x2, Missile Turret  
  148  11:38  Marine x2  
  148  11:39  Marauder  
  158  11:45  Marine x2  
  158  11:56  Marine x2  
Show
View Real Time Build Order
Export as new Build Order

Noobricorn Terran 

Build Orders: MMM Bio 

Get SALT Encoding   

  12  0:01  SCV  
  13  0:13  SCV  
  14  0:22  Supply Depot  
  14  0:25  SCV  
  14  0:28  Refinery  
  15  0:44  SCV  
  15  0:45  Barracks  
  16  0:56  SCV  
  17  1:08  SCV  
  18  1:22  Supply Depot  
  18  1:23  SCV  
  19  1:34  Factory, Marine  
  19  1:36  Orbital Command  
  20  1:52  Marine  
  21  2:02  SCV  
  22  2:11  Marine  
  22  2:14  SCV  
  24  2:17  Command Center  
  24  2:22  Hellion  
  26  2:34  Marine  
  27  2:38  SCV  
  27  2:42  Barracks  
  27  2:44  Hellion  
  30  2:48  Supply Depot  
  30  2:54  SCV  
  30  2:57  Barracks Reactor  
  31  3:19  SCV  
  32  3:21  Refinery  
  32  3:23  Factory Tech Lab  
  32  3:25  Barracks  
  32  3:29  Barracks Tech Lab  
  32  3:35  SCV  
  34  3:41  Engineering Bay  
  34  3:45  Orbital Command  
  34  3:46  Siege Tank  
  34  3:48  SCV  
  33  4:00  SCV  
  32  4:05  Marine x2  
  32  4:12  SCV  
  32  4:15  Supply Depot  
  32  4:16  Marauder  
  35  4:18  Siege Tank  
  39  4:24  SCV  
  39  4:26  Barracks  
  39  4:27  Barracks Reactor  
  39  4:34  Starport  
  34  4:56  SCV  
  34  5:08  SCV  
  35  5:14  Marine x2  
  35  5:15  Marine x2  
  35  5:16  Supply Depot  
  35  5:18  Stimpack, Orbital Command  
  39  5:28  Supply Depot  
  39  5:29  Terran Infantry Weapons Level 1, Supply Depot  
  39  5:42  Marauder, Marine x3  
  42  5:43  Marine  
  42  5:44  Starport Reactor  
  42  5:46  Missile Turret x2  
  42  5:49  Missile Turret  
  40  6:23  Marine x4, Marauder  
  40  6:24  Medivac  
  48  6:44  Marauder  
  50  6:52  Marine x4  
  50  6:53  Medivac  
  56  6:56  Missile Turret  
  53  7:19  SCV x2  
  55  7:23  Marine x5  
  60  7:31  SCV x2  
  60  7:32  Medivac x2  
  60  7:35  Command Center  
  66  7:43  SCV x2  
  68  7:44  Refinery  
  68  7:46  Terran Infantry Armor Level 1, Refinery  
  68  7:49  Supply Depot  
  68  7:55  SCV x2  
  70  8:00  Siege Tank  
  73  8:06  Marine  
  73  8:07  SCV  
  73  8:09  Marine x3  
  73  8:11  Marine  
  73  8:12  Marine  
  80  8:24  Marine  
  80  8:26  Marine  
  82  8:46  SCV  
  82  8:47  SCV  
  85  8:54  Missile Turret  
  85  8:58  SCV  
  85  9:00  Marauder, Marine x4  
  85  9:01  Barracks Reactor  
  91  9:03  Barracks Tech Lab  
  91  9:06  Siege Tank, Medivac x2  
  98  9:14  Missile Turret  
  98  9:21  Marauder  
  88  9:32  Marine  
  88  9:33  Marine x3, Marauder  
  94  9:43  Marauder  
  84  9:50  Marine x2  
  84  9:51  Marine  
  84  9:52  Marine  
  85  9:53  Orbital Command  
  85  9:54  Marauder  
  85  9:59  Barracks  
  87  10:04  Marauder  
  89  10:08  Marine x2  
  89  10:11  Medivac x2  
  95  10:15  Marauder  
  95  10:16  Armory  
  95  10:18  Combat Shields  
  95  10:19  Engineering Bay  
  97  10:26  Marauder  
  98  10:37  Marauder  
  100  10:52  Supply Depot, Marine x2  
  100  10:53  Supply Depot  
  100  10:56  Supply Depot  
  102  11:13  Marine x4  
  102  11:14  Barracks Tech Lab, Marauder x2  
  110  11:22  Supply Depot  
  110  11:24  Supply Depot  
  110  11:31  Marine x3  
  113  11:35  Marauder x2  
  113  11:39  Barracks  
  117  11:40  Command Center  
Tags
 
Add a new tag
Caveats
  • Supply blocks, unpowered buildings, or Contaminate may cause inaccurate times.
  • Supply counts are checked every 10 seconds.